 Dungeon Crawl Stone Soup version 0.20-a0-40-gb6e7b4f (webtiles) character file.

1118 KristoblXynda the Covert (level 8, 0/62 HPs)
             Began as a Naga Fire Elementalist on Nov 12, 2016.
             Was a Follower of Cheibriados.
             Slain by a centaur (7 damage)
             ... on level 6 of the Dungeon.
             The game lasted 00:11:38 (6582 turns).

KristoblXynda the Covert (Naga Fire Elementalist)   Turns: 6582, Time: 00:11:39

Health: 0/62       AC:  7    Str: 17    XL:     8   Next: 34%
Magic:  15/15      EV: 10    Int: 26    God:    Cheibriados [*.....]
Gold:   373        SH:  0    Dex: 13    Spells: 2 memorised, 12 levels left

rFire  . . .     SeeInvis +     p - +4 mace (holy)
rCold  . . .     Gourm    .     a - +1 robe
rNeg   . . .     Faith    .     (no shield)
rPois  +         Spirit   .     (no helmet)
rElec  .         Reflect  .     r - +0 cloak
rCorr  .         Harm     .     k - +0 pair of gloves
MR     +....                    (no barding)
Stlth  ++++......               (no amulet)
                                (no ring)
                                (no ring)

@: mighty, brilliant, very slow
A: see invisible, deformed body, poison resistance, slowness 2, slow metabolism
1, spit poison 1, AC +2
a: Spit Poison, Bend Time, Renounce Religion


You were on level 6 of the Dungeon.
You worshipped Cheibriados.
Cheibriados was aware of your devotion.
You were not hungry.

You visited 2 branches of the dungeon, and saw 7 of its levels.

You collected 373 gold pieces.

Inventory:

Hand Weapons
 p - a +4 mace of holy wrath (weapon)
 y - a +2 flail of crushing
Armour
 a - a +1 robe (worn)
 k - a +0 pair of gloves (worn)
 r - a +0 cloak (worn)
Jewellery
 v - an uncursed amulet of magic regeneration {unknown}
Wands
 q - a wand of iceblast (2/15)
Scrolls
 f - a scroll of fear
 h - 3 scrolls of remove curse
 l - 2 scrolls of identify
 s - a scroll of acquirement {unknown}
 w - a scroll of fog {unknown}
Potions
 d - 2 potions of flight
 e - a potion of haste
 g - a potion of cancellation {unknown}
 i - a potion of magic
 m - a potion of might
 n - a potion of lignification {unknown}
 t - a potion of berserk rage {unknown}
 u - 2 potions of heal wounds {unknown}
Books
 b - a book of Flames

   Spells                             Type                      Level
   a - Flame Tongue                   Conjuration/Fire             1
   b - Throw Flame                    Conjuration/Fire             2
   c - Conjure Flame                  Conjuration/Fire             3
   d - Inner Flame                    Hexes/Fire                   3
   e - Sticky Flame                   Conjuration/Fire             4
   f - Fireball                       Conjuration/Fire             5
Comestibles
 c - 5 bread rations
 o - 5 fruits
 x - 11 chunks of flesh


   Skills:
 + Level 2.7 Armour
 - Level 1.5 Dodging
 + Level 8.0 Stealth
 + Level 4.9 Spellcasting
 + Level 4.5 Conjurations
 - Level 4.2 Fire Magic


You had 12 spell levels left.
You knew the following spells:

 Your Spells              Type           Power        Failure   Level  Hunger
a - Flame Tongue          Conj/Fire      #####        1%          1    None
b - Conjure Flame         Conj/Fire      #####...     1%          3    ##.....


Dungeon Overview and Level Annotations

Branches:
Dungeon (6/15)             Temple (1/1) D:4

Altars:
Ashenzari
Cheibriados
Dithmenos
Hepliaklqana
Kikubaaqudgha
Makhleb
Nemelex Xobeh
Okawaru
Qazlal
Ru
Uskayaw
Vehumet
Yredelemnul
The Shining One


Innate Abilities, Weirdness & Mutations

You cannot wear boots.
Your serpentine skin is tough. (AC +2)
You have supernaturally acute eyesight. (SInv)
Armour fits poorly on your strangely shaped body.
Your system is resistant to poisons. (rPois)
You cover ground very slowly.
You have a slow metabolism.
You can spit poison.


Message History

You barely miss the centaur.
The centaur is moderately wounded.
The centaur hits you! x2
* * * LOW HITPOINT WARNING * * *
You hit the centaur.
The centaur is heavily wounded.
The centaur hits you.
* * * LOW HITPOINT WARNING * * *
The centaur barely misses you.
Casting: Flame Tongue
Confirm with . or Enter, or press ? or * to list all spells.
Okay, then.
It was a potion of might.
You feel very mighty all of a sudden. The centaur barely misses you.
The centaur hits you!
* * * LOW HITPOINT WARNING * * *
It was a potion of brilliance.
You feel clever all of a sudden. The centaur hits you!
You die...

#. #. #. #.
###.###
#.....#
#.....#####
#..c@.)...#
#.....###.#
#.....# #.#
####### #.#
#.#
########.#
#....<...#
....########
#


You could see a centaur.

Vanquished Creatures
  The ghost of Sarzael the Changer, an amateur DrTm (D:3)
  Grinder (D:3)
  A phantom (D:3)
  An ogre (D:4)
  A bullfrog (D:4)
  A howler monkey (D:3)
  A crimson imp (D:5)
  A hound (D:4)
  An orc priest (D:5)
  2 bullfrog skeletons (D:5)
  2 orc wizards
  Natasha (thrice) (D:4)
  Terence (D:3)
  A howler monkey skeleton (D:4)
  4 adders
  A shadow imp (D:5)
  An adder skeleton (D:5)
  4 worms
  5 leopard geckos
  8 orcs
  6 giant cockroaches
  6 goblins
  5 hobgoblins
  2 jackals (D:1)
  2 quokkas
  A ball python (D:2)
  10 bats
  4 frilled lizards
  A giant cockroach zombie (D:5)
  7 kobolds
  9 rats
94 creatures vanquished.

Notes
Turn   | Place    | Note
-------+----------+-------------------------------------------
     0 | D:1      | KristoblXynda the Naga Fire Elementalist began the quest for the Orb.
     0 | D:1      | Reached XP level 1. HP: 15/15 MP: 3/3
    74 | D:1      | Found a basalt altar of Yredelemnul.
   394 | D:1      | Reached XP level 2. HP: 20/22 MP: 5/5
  1391 | D:1      | Reached XP level 3. HP: 5/28 MP: 6/6
  1733 | D:1      | Learned a level 3 spell: Conjure Flame
  2683 | D:2      | Found a sparkling altar of Nemelex Xobeh.
  3095 | D:2      | Reached skill level 4 in Stealth
  3251 | D:2      | Reached XP level 4. HP: 36/36 MP: 7/7
  3326 | D:3      | Noticed a phantom
  3511 | D:3      | Killed a phantom
  3511 | D:3      | Reached skill level 5 in Stealth
  3511 | D:3      | Reached XP level 5. HP: 4/42 MP: 0/9
  3545 | D:3      | Noticed Grinder
  3847 | D:3      | Noticed Terence
  3860 | D:3      | Killed Terence
  3860 | D:3      | Reached XP level 6. HP: 43/49 MP: 0/10
  3883 | D:3      | Noticed Sarzael's ghost (amateur DrTm)
  3993 | D:3      | Found a shadowy altar of Dithmenos.
  4293 | D:3      | Killed Sarzael's ghost
  4293 | D:3      | Reached skill level 1 in Armour
  4293 | D:3      | Reached skill level 6 in Stealth
  4293 | D:3      | Reached XP level 7. HP: 28/55 MP: 6/12
  4533 | D:3      | Paralysed by Grinder for 2 turns
  4545 | D:3      | Killed Grinder
  4636 | D:3      | Found a hide-covered altar of Uskayaw.
  4639 | D:3      | Found a radiant altar of Vehumet.
  4832 | D:4      | Reached skill level 7 in Stealth
  5010 | D:4      | Found a staircase to the Ecumenical Temple.
  5062 | Temple   | Entered the Ecumenical Temple
  5088 | Temple   | Became a worshipper of Cheibriados the Contemplative
  5245 | D:4      | Noticed Natasha
  5259 | D:4      | Killed Natasha
  5271 | D:4      | Reached XP level 8. HP: 33/62 MP: 6/14
  5402 | D:4      | Noticed Natasha
  5405 | D:4      | Killed Natasha
  5538 | D:4      | Noticed Natasha
  5549 | D:4      | Killed Natasha
  5765 | D:5      | Entered Level 5 of the Dungeon
  6225 | D:5      | Reached * piety under Cheibriados
  6514 | D:5      | Reached skill level 8 in Stealth
  6582 | D:6      | Slain by a centaur

Vault maps used:
D:1:      lemuel_arrival_rhombus, minmay_hexomino_r4
D:2:      nemelex_xobeh_ov_fountains_minmay
D:3:      grunt_dithmenos_smoke, nicolae_overflow_hidden_temple, uniq_grinder,
          uniq_terence
D:4:      feat_on_display, uniq_natasha
D:5:      first_bread
D:6:      grunt_gozag_statues, nicolae_tso_besieged_by_evil, uniq_pikel,
          uniq_sigmund
Temple:   nicolae_temple_elliptical

Skill      XL: |  1  2  3  4  5  6  7  8 |
---------------+-------------------------+-----
Stealth        | 4 5 6 7 8 |  8.0
Conjurations   | 2 3 4 |  4.5
Spellcasting   | 3 4 |  4.9
Fire Magic     | 4 |  4.2
Armour         | 1 2 |  2.7
Dodging        | |  1.5

Action                   |  1- 3 |  4- 6 |  7- 9 || total
-------------------------+-------+-------+-------++-------
Melee: Unarmed           |    35 |       |       ||    35
       Dagger            |    93 |       |       ||    93
       Mace              |    59 |    62 |    56 ||   177
 Cast: Flame Tongue      |       |    32 |    46 ||    78
       Conjure Flame     |       |     1 |     2 ||     3
 Abil: Spit Poison       |    16 |     6 |     4 ||    26
Evoke: Wand              |       |     3 |       ||     3
  Use: Potion            |     2 |     1 |     2 ||     5
       Scroll            |       |     7 |     5 ||    12
 Stab: Sleeping          |     8 |     3 |     5 ||    16
  Eat: Chunk             |     4 |       |     5 ||     9
       Meat ration       |     1 |       |       ||     1
       Fruit             |       |       |     3 ||     3
Armor: Robe              |    56 |    33 |    26 ||   115
Dodge: Dodged            |   120 |    38 |    41 ||   199
